 Dungeon Sprint DCSS version 0.18.1-6-gd335043 (webtiles) character file.

13400000 tix the Axe Maniac (level 27, -299/249 HPs)
             Began as a Demonspawn Gladiator on May 18, 2016.
             Was the Champion of Makhleb.
             Annihilated by a fleshlord
             ... wielding a +9 great mace
              (334 damage)
             ... in the Dungeon (Sprint VIII: "Arena of Blood").
             The game lasted 00:03:52 (134 turns).

tix the Axe Maniac (Demonspawn Gladiator)            Turns: 134, Time: 00:03:52

Health: -299/249   AC: 18    Str: 19    XL:     27
Magic:  45/54      EV: 34    Int: 10    God:    Makhleb [******]
Gold:   0          SH:  0    Dex: 20    Spells: 0 memorised, 80 levels left

rFire  . . .     SeeInvis .     l - +∞ Axe of Woe
rCold  + . .     Gourm    .     b - +0 leather armour
rNeg   . . .     Faith    .     (shield currently unavailable)
rPois  .         Spirit   .     c - +0 helmet
rElec  .         Dismiss  .     (no cloak)
rCorr  .         Reflect  .     (no gloves)
SustAt .         Harm     .     (boots unavailable)
MR     ++...     NoTele   +     (no amulet)
Stlth  +++++++++.               (no ring)
                                (no ring)

@: lethally poisoned (-299 -> -302), hasted and slowed, drained, very resistant
to hostile enchantments, incredibly stealthy
A: hooves 3, rough black scales 3, cold resistance 1, foul stench 2, passive
freeze, spiny 3, rot immunity, freezing cloud immunity
a: Minor Destruction, Lesser Servant of Makhleb, Major Destruction, Greater
Servant of Makhleb, Renounce Religion


You were in the Dungeon.
You worshipped Makhleb.
Makhleb was exalted by your worship.
You were not hungry.

You visited 1 branch

Inventory:

Hand Weapons
 a - a +0 war axe
 l - the +∞ Axe of Woe (weapon)
   (You found it in the Dungeon)
Missiles
 d - 3 throwing nets (quivered)
Armour
 b - a +0 leather armour (worn)
 c - a +0 helmet (worn)
Scrolls
 k - a scroll of blinking
Potions
 e - a potion of curing
 g - a potion of heal wounds
 i - 2 potions of magic
 j - a potion of berserk rage
Comestibles
 f - a bread ration


   Skills:
 O Level 27(25.5) Fighting
 O Level 27(25.5) Axes
 O Level 27(25.5) Throwing
 O Level 27(25.5) Armour
 O Level 27(25.5) Dodging
 O Level 27(25.5) Stealth
 O Level 27(25.5) Unarmed Combat
 O Level 27(25.5) Spellcasting
 O Level 27(25.5) Invocations


You had 80 spell levels left.
You didn't know any spells.

Dungeon Overview and Level Annotations

Branches:
Dungeon (1/1)

Altars:
Makhleb


Innate Abilities, Weirdness & Mutations

You have hooves in place of feet.
You are completely covered in rough black scales (AC +10, Dex -3).
Your flesh is cold resistant.
You frequently emit foul miasma when damaged in melee.
A frigid envelope surrounds you and freezes all who hurt you.
You are completely covered in sharp spines.
You are immune to rotting.
You are immune to freezing clouds.


Message History

A bolt of negative energy appears from out of thin air!
Deactivating autopickup; reactivate with Ctrl-A.
The bolt of negative energy hits you!
You feel drained.
The bolt of negative energy hits the crawling corpse.
The crawling corpse completely resists.
The large abomination is engulfed in roaring flames.
You hear a shout!
The accursed points at you and mumbles some strange words.
Something smites you!
* * * LOW HITPOINT WARNING * * *
The eight-headed meat hydra calls on the powers of darkness!
The eight-headed meat hydra convulses!
The bag of meat convulses!
The fleshlord convulses!
The bag of meat convulses! x2
Your body is wracked with pain!
* * * LOW HITPOINT WARNING * * *
The bag of meat convulses!
The fleshlord convulses!
The bag of meat convulses!
The scourge convulses!
The bag of meat convulses!
The fleshlord hits you with a +9 great mace!!!!!!
Ouch! That really hurt!
You die...

..........
........%..
...%...%. #.
x))LX# #.. )xo§#
. .###..
o2S###.%.
X.oX)§###px......
X.M.o§§_)@xz.....
SXL.#%§X))#xo....
o #_oD.p# M....
#oo%.x#


xM.. ....._....o o.W ......###........ .###.. ...###. . #.. ...# #.. ..# You
could see 3 accurseds, a meat beast, 2 tyrants, an eight-headed meat hydra, a
scourge, 2 fleshlords, a sculptor of flesh, 3 large abominations, a dread, 9
bags of meat and 7 crawling corpses.

Vanquished Creatures
  A hell knight (D)
  7 hell beasts (D)
  Edmund (D)
  A greater mummy (D)
  4 great orbs of eyes (D)
  2 wraiths (D)
  20 vampire knights (D)
  37 ogres (D)
  8 liches (D)
  6 hydras (D)
  61 orcs (D)
  2 phantoms (D)
  5 hill giants (D)
  2 skeletal warriors (D)
  2 sea snakes (D)
  10 large abominations (D)
  4 small abominations (D)
  4 crawling corpses (D)
177 creatures vanquished.

Vanquished Creatures (others)
  2 ogres (D)
  2 hydras (D)
  17 orcs (D)
  3 hill giants (D)
  A sea snake (D)
  11 crawling corpses (D)
36 creatures vanquished.

Grand Total: 213 creatures vanquished

Notes
Turn   | Place    | Note
--------------------------------------------------------------
     0 | D        | tix the Demonspawn Gladiator began the quest for the Orb.
     0 | D        | Reached XP level 1. HP: 16/16 MP: 1/1
     2 | D        | Noticed a bag of meat
     3 | D        | Noticed a meat berserker
     3 | D        | Became a worshipper of Makhleb the Destroyer
     6 | D        | Noticed a bag of meat
     7 | D        | Noticed a bag of meat
     7 | D        | Killed a meat berserker
     7 | D        | Gained mutation: You are partially covered in rough black scales (AC +4, Dex -1). [demonic ancestry]
     7 | D        | Reached XP level 2. HP: 38/38 MP: 2/2
     7 | D        | Gained mutation: You have large cloven feet. [demonic ancestry]
     7 | D        | Reached XP level 3. HP: 44/44 MP: 3/3
     7 | D        | Gained mutation: You have hoof-like feet. [demonic ancestry]
     7 | D        | Reached XP level 4. HP: 51/51 MP: 4/4
     7 | D        | Reached XP level 5. HP: 57/57 MP: 5/5
     7 | D        | Reached XP level 6. HP: 64/64 MP: 6/6
     7 | D        | Gained mutation: Your flesh is cold resistant. [demonic ancestry]
     7 | D        | Reached XP level 7. HP: 69/69 MP: 7/7
     7 | D        | Reached XP level 8. HP: 76/76 MP: 8/8
     7 | D        | Reached XP level 9. HP: 82/82 MP: 9/9
     7 | D        | Gained mutation: You are immune to freezing clouds. [demonic ancestry]
     7 | D        | Reached XP level 10. HP: 89/89 MP: 10/10
     7 | D        | Gained mutation: You have hooves in place of feet. [demonic ancestry]
     7 | D        | Reached XP level 11. HP: 95/95 MP: 11/11
     7 | D        | Gained mutation: You are partially covered in sharp spines. [demonic ancestry]
     7 | D        | Reached XP level 12. HP: 102/102 MP: 12/12
     7 | D        | Gained mutation: You are mostly covered in rough black scales (AC +7, Dex -2). [demonic ancestry]
     7 | D        | Reached XP level 13. HP: 107/107 MP: 13/13
     8 | D        | Noticed a bag of meat
     8 | D        | Noticed a bag of meat
     9 | D        | Noticed a bag of meat
     9 | D        | Noticed a bag of meat
    10 | D        | Noticed a meat berserker
    11 | D        | Noticed a bag of meat
    11 | D        | Killed a bag of meat
    11 | D        | Reached * piety under Makhleb
    11 | D        | Killed a bag of meat
    11 | D        | Gained mutation: You are immune to rotting. [demonic ancestry]
    11 | D        | Reached XP level 14. HP: 119/119 MP: 14/14
    12 | D        | Noticed a bag of meat
    12 | D        | Killed a bag of meat
    12 | D        | Reached ** piety under Makhleb
    12 | D        | Killed a bag of meat
    12 | D        | Reached skill level 15 in Fighting
    12 | D        | Reached XP level 15. HP: 129/129 MP: 15/15
    14 | D        | Killed a meat berserker
    14 | D        | Reached *** piety under Makhleb
    14 | D        | Reached skill level 15 in Throwing
    14 | D        | Gained mutation: You are mostly covered in sharp spines. [demonic ancestry]
    14 | D        | Reached XP level 16. HP: 139/139 MP: 16/16
    14 | D        | Reached skill level 27 in Axes
    14 | D        | Reached skill level 27 in Dodging
    15 | D        | Reached **** piety under Makhleb
    18 | D        | Noticed a meat berserker
    18 | D        | Reached XP level 17. HP: 158/158 MP: 17/17
    20 | D        | Noticed a destroyer
    22 | D        | Noticed a meat berserker
    22 | D        | Killed a meat berserker
    24 | D        | Noticed a large bag of meat
    24 | D        | Reached ***** piety under Makhleb
    24 | D        | Reached skill level 27 in Fighting
    24 | D        | Reached XP level 18. HP: 182/182 MP: 18/18
    25 | D        | Noticed a large bag of meat
    26 | D        | Noticed a destroyer
    26 | D        | Killed a meat berserker
    26 | D        | Reached skill level 27 in Throwing
    28 | D        | HP: 3/182 [destroyer/+9 great sword of slicing (11)]
    29 | D        | Killed a destroyer
    29 | D        | Gained mutation: You are completely covered in sharp spines. [demonic ancestry]
    29 | D        | Reached XP level 19. HP: 61/189 MP: 19/19
    29 | D        | Killed a large bag of meat
    32 | D        | Noticed a meat berserker
    32 | D        | Reached ****** piety under Makhleb
    32 | D        | Reached skill level 27 in Armour
    33 | D        | Killed a meat berserker
    33 | D        | Reached skill level 15 in Invocations
    33 | D        | Gained mutation: A frigid envelope surrounds you and freezes all who hurt you. [demonic ancestry]
    33 | D        | Reached XP level 20. HP: 197/197 MP: 19/35
    34 | D        | Noticed a meat berserker
    35 | D        | Noticed a meat berserker
    36 | D        | Noticed a destroyer
    36 | D        | Noticed a meat berserker
    36 | D        | Noticed a destroyer
    36 | D        | Reached skill level 15 in Stealth
    36 | D        | Killed a destroyer
    37 | D        | Noticed a destroyer
    39 | D        | Noticed a meat berserker
    39 | D        | Killed a meat berserker
    39 | D        | Gained mutation: You may emit foul miasma when damaged in melee. [demonic ancestry]
    39 | D        | Reached XP level 21. HP: 139/204 MP: 20/44
    39 | D        | Killed a destroyer
    39 | D        | Reached skill level 27 in Invocations
    39 | D        | Killed a destroyer
    39 | D        | Gained mutation: You frequently emit foul miasma when damaged in melee. [demonic ancestry]
    39 | D        | Reached XP level 22. HP: 212/212 MP: 20/50
    39 | D        | Reached skill level 27 in Stealth
    39 | D        | Noticed a destroyer
    41 | D        | Noticed a destroyer
    41 | D        | Reached skill level 27 in Unarmed Combat
    41 | D        | Reached skill level 27 in Spellcasting
    41 | D        | Killed a destroyer
    41 | D        | Reached XP level 23. HP: 197/219 MP: 21/54
    42 | D        | Killed a destroyer
    44 | D        | Noticed a destroyer
    44 | D        | Noticed a destroyer
    44 | D        | Reached XP level 24. HP: 227/227 MP: 21/54
    46 | D        | Noticed a destroyer
    46 | D        | Killed a destroyer
    47 | D        | Killed a destroyer
    47 | D        | Gained mutation: You are completely covered in rough black scales (AC +10, Dex -3). [demonic ancestry]
    47 | D        | Reached XP level 25. HP: 234/234 MP: 22/54
    48 | D        | Killed a destroyer
    49 | D        | Noticed a destroyer
    51 | D        | Noticed a tyrant
    53 | D        | Reached XP level 26. HP: 235/242 MP: 23/54
    55 | D        | Noticed a destroyer
    56 | D        | Noticed a tyrant
    58 | D        | Killed a destroyer
    59 | D        | HP: 11/242 [destroyer/+9 great sword of slicing (2)]
    60 | D        | Killed a destroyer
    60 | D        | Reached XP level 27. HP: 127/249 MP: 25/54
    60 | D        | Killed a destroyer
    62 | D        | Noticed a destroyer
    63 | D        | Noticed an accursed
    63 | D        | Noticed a meat beast
    64 | D        | Killed a tyrant
    64 | D        | Killed a meat beast
    65 | D        | Noticed a tyrant
    66 | D        | Noticed a meat beast
    66 | D        | Noticed a destroyer
    67 | D        | Noticed a destroyer
    67 | D        | Killed a destroyer
    69 | D        | Noticed a dread
    69 | D        | Killed an accursed
    69 | D        | Killed a destroyer
    69 | D        | Killed a destroyer
    71 | D        | Noticed a destroyer
    71 | D        | Killed a meat beast
    72 | D        | Killed a destroyer
    75 | D        | Noticed a destroyer
    76 | D        | Killed a tyrant
    77 | D        | Killed a tyrant
    77 | D        | Killed a dread
    79 | D        | Killed a destroyer
    81 | D        | Noticed a meat beast
    82 | D        | Noticed a destroyer
    82 | D        | Noticed a tyrant
    85 | D        | Killed a meat beast
    86 | D        | Noticed a meat beast
    87 | D        | Killed a destroyer
    88 | D        | Noticed a meat beast
    89 | D        | Noticed a destroyer
    89 | D        | Killed a meat beast
    92 | D        | Killed a meat beast
    95 | D        | Noticed a destroyer
    95 | D        | Killed a destroyer
    96 | D        | HP: 9/249 [something/fireball (65)]
    97 | D        | Killed a destroyer
    97 | D        | Noticed a tyrant
    99 | D        | Noticed a tyrant
   101 | D        | Noticed an accursed
   101 | D        | Killed a tyrant
   105 | D        | Killed a tyrant
   113 | D        | Noticed a tyrant
   116 | D        | Noticed a meat beast
   116 | D        | Noticed a tyrant
   122 | D        | Noticed a tyrant
   122 | D        | Noticed The Defiler
   123 | D        | Noticed a meat beast
   123 | D        | Noticed a dread
   123 | D        | HP: 6/249 [accursed/divine providence (14)]
   124 | D        | Noticed an accursed
   124 | D        | Noticed a tyrant
   125 | D        | Noticed an accursed
   125 | D        | Killed a meat beast
   125 | D        | Noticed a fleshlord
   125 | D        | Noticed a fleshlord
   126 | D        | Killed a meat beast
   127 | D        | Killed a tyrant
   128 | D        | Noticed a meat beast
   128 | D        | Noticed a fleshlord
   129 | D        | Killed a tyrant
   129 | D        | HP: 8/249 [tyrant/the air (23)]
   130 | D        | Killed a fleshlord
   130 | D        | Killed The Defiler
   132 | D        | Killed a dread
   133 | D        | Killed a tyrant
   134 | D        | Annihilated by a fleshlord

Skill      XL: |  1  2  3  4  5  6  7  8  9 10 11 12 13 14 15 16 17 18 19 20 21 22 |
---------------+-------------------------------------------------------------------+-----
Fighting       | 11 13 15 16 21 27 | 27.0
Axes           | 18 21 23 26 27 | 27.0
Throwing       | 11 12 13 15 19 24 27 | 27.0
Dodging        | 18 21 23 25 27 | 27.0
Armour         | 20 27 | 27.0
Stealth        | 12 20 26 27 | 27.0
Unarmed Combat | 11 19 24 27 | 27.0
Spellcasting   | 11 19 24 27 | 27.0
Invocations    | 15 25 27 | 27.0

Action                   |  1- 3 |  4- 6 |  7- 9 | 10-12 | 13-15 | 16-18 | 19-21 | 22-24 | 25-27 || total
-------------------------+-------+-------+-------+-------+-------+-------+-------+-------+-------++-------
Melee: Executioner's axe |     1 |       |       |       |     3 |     6 |     5 |     6 |    70 ||    91
  Use: Potion            |       |       |       |       |       |       |       |       |     1 ||     1
Armor: Leather armour    |       |       |       |       |       |       |       |       |     8 ||     8
Dodge: Dodged            |       |       |       |       |     1 |       |     1 |       |     6 ||     8
